 Dungeon Crawl Stone Soup version 0.22.1-5-g62c59d9 (webtiles) character file.

330 nicolaieve the Basher (level 6, -9/51 HPs)
             Began as a Minotaur Berserker on Jan 13, 2019.
             Was a Priest of Trog.
             Mangled by an ogre
             ... wielding a +0 giant spiked club
              (15 damage)
             ... on level 4 of the Dungeon.
             The game lasted 00:08:29 (2328 turns).

nicolaieve the Basher (Minotaur Berserker)          Turns: 2328, Time: 00:08:30

Health: -9/51      AC:  6    Str: 23    XL:     6   Next: 26%
Magic:  5/5        EV: 10    Int:  5    God:    Trog [***...]
Gold:   141        SH:  0    Dex:  9    Spells: 5/5 levels left

rFire    . . .     SeeInvis .   d - +2 mace (drain)
rCold    . . .     Gourm    .   (no shield)
rNeg     . . .     Faith    .   n - +0 scale mail
rPois    .         Spirit   .   (helmet restricted)
rElec    .         Reflect  .   (no cloak)
rCorr    .         Harm     .   (no gloves)
MR       ++...                  (no boots)
Stlth    ..........             (no amulet)
HPRegen  1.17/turn              q - ring of attention (curse)
MPRegen  0.09/turn              (no ring)

@: regenerating
A: retaliatory headbutt, horns 2
a: Berserk, Trog's Hand, Renounce Religion


You were on level 4 of the Dungeon.
You worshipped Trog.
Trog was most pleased with you.
You were hungry.

You visited 1 branch of the dungeon, and saw 4 of its levels.
You also visited: Sewer.

You collected 141 gold pieces.

Inventory:

Hand Weapons
 d - a +2 mace of draining (weapon)
Missiles
 g - 117 stones (quivered)
 i - 25 sling bullets
Armour
 n - a +0 scale mail (worn)
Jewellery
 q - a cursed ring of attention (left hand)
Wands
 o - a wand of disintegration (8)
Scrolls
 b - 2 scrolls of identify {unknown}
 e - 2 scrolls of remove curse {unknown}
 f - a scroll of amnesia {unknown}
 h - 2 scrolls of fog {unknown}
 s - 2 scrolls of teleportation {unknown}
 t - 3 scrolls of fear {unknown}
Potions
 a - a potion of heal wounds {unknown}
 j - 2 potions of berserk rage {unknown}
 k - a potion of lignification {unknown}
 m - a potion of brilliance {unknown}
 p - 4 potions of flight {unknown}
 r - a potion of agility {unknown}
 u - a potion of curing {unknown}
Comestibles
 c - 6 rations
 l - 4 chunks of flesh


   Skills:
 - Level 3.6 Fighting
 + Level 8.5 Maces & Flails
 - Level 2.4 Armour
 - Level 2.1 Dodging


You had 5 spell levels left.
You didn't know any spells.
Your spell library was empty.

Dungeon Overview and Level Annotations

Branches:
Dungeon (4/15)
 Temple: D:4-7

Altars:
Cheibriados


Innate Abilities, Weirdness & Mutations

You reflexively headbutt those who attack you in melee.
You have a pair of horns on your head.


Message History

Unknown command.
You feel sick.
You feel sick.
You feel yourself speed up.
You feel sick.
You are no longer poisoned.
An ogre comes into view. It is wielding a giant spiked club.
The ogre shouts!
Your skin crawls.
You feel resistant to hostile enchantments.
You are feeling hungry.
The ogre hits you with a giant spiked club!
* * * LOW HITPOINT WARNING * * *
You hit the ogre.
The ogre is moderately wounded.
You recover from your berserk rage.
You sock the ogre!
The ogre is heavily wounded.
The ogre hits you with a giant spiked club!
You die...

#........#
#..<.....#
###..........
######...........#
.......#........##
######.........#
#.............
#.############ #@#
#O# ♣####.#
♣.....# ♣.♣♣..#
♣♣.# ♣P........
≈...#######
♣≈P♣P.#


You could see an ogre.

Vanquished Creatures
  A bullfrog skeleton (D:4)
  An orc priest (D:3)
  An orc wizard (D:3)
  Natasha (twice) (D:2)
  8 adders
  A worm (D:3)
  2 dart slugs (D:1)
  9 leopard geckos
  8 orcs (D:3)
  4 ball pythons
  14 bats
  6 giant cockroaches
  2 goblins
  9 hobgoblins
  10 jackals
  6 kobolds
  3 quokkas
  8 frilled lizards
  8 rats
103 creatures vanquished.

Notes
Turn   | Place    | Note
-------+----------+-------------------------------------------
     0 | D:1      | nicolaieve the Minotaur Berserker began the quest for the
                  | Orb.
     0 | D:1      | Reached XP level 1. HP: 19/19 MP: 0/0
    71 | D:1      | Reached skill level 4 in Maces & Flails
    90 | D:1      | Reached XP level 2. HP: 15/26 MP: 1/1
   426 | D:1      | Reached skill level 5 in Maces & Flails
   519 | D:1      | Reached ** piety under Trog
   643 | D:2      | Reached XP level 3. HP: 31/31 MP: 2/2
   729 | D:2      | Found a snail-covered altar of Cheibriados.
   991 | D:2      | Noticed Natasha
   993 | D:2      | Killed Natasha
   993 | D:2      | Reached skill level 6 in Maces & Flails
   993 | D:2      | Reached XP level 4. HP: 33/39 MP: 3/3
  1081 | D:2      | Noticed Natasha
  1084 | D:2      | Killed Natasha
  1419 | D:3      | Reached *** piety under Trog
  1419 | D:3      | Reached skill level 7 in Maces & Flails
  1419 | D:3      | Reached XP level 5. HP: 45/45 MP: 4/4
  1591 | D:3      | Found a glowing drain.
  1615 | Sewer    | Entered a sewer
  2034 | D:3      | Reached skill level 8 in Maces & Flails
  2044 | D:3      | Reached XP level 6. HP: 44/51 MP: 5/5
  2274 | D:4      | Reached **** piety under Trog
  2328 | D:4      | Mangled by an ogre

Skill      XL: |  1  2  3  4  5 |
---------------+----------------+-----
Maces & Flails | 4 5 6 7 8 |  8.5
Fighting       | |  3.6
Armour         | |  2.4
Dodging        | |  2.1

Action                   |  1- 3 |  4- 6 || total
-------------------------+-------+-------++-------
Melee: Mace              |    68 |   117 ||   185
       Headbutt          |     6 |    18 ||    24
Invok: Berserk           |     1 |     1 ||     2
       Trog's Hand       |       |     2 ||     2
  Eat: Chunk             |     1 |     6 ||     7
Armor: Animal skin       |    15 |       ||    15
       Scale mail        |     4 |    68 ||    72
       Leather armour    |     2 |       ||     2
Dodge: Dodged            |    45 |    83 ||   128
